 Dungeon Crawl Stone Soup version 0.24.0-123-gd5b16e6ec5 (webtiles) character file.

Game seed: 5350055218898903129, levelgen mode: deterministic

259 Chiseanne the Ducker (level 5, -4/25 HPs)
             Began as a Spriggan Hunter on Jan 17, 2020.
             Killed from afar by an orc wizard (8 damage)
             ... with a magic dart
             ... on level 4 of the Dungeon.
             The game lasted 00:10:03 (3424 turns).

Chiseanne the Ducker (Spriggan Hunter)              Turns: 3424, Time: 00:10:03

Health: -4/25      AC:  3    Str:  8    XL:     5   Next: 95%
Magic:  6/6        EV: 20    Int: 13    God:
Gold:   106        SH:  0    Dex: 17    Spells: 4/4 levels left

rFire    . . .     SeeInvis +   a - +0 short sword
rCold    . . .     Gourm    .   (shield restricted)
rNeg     . . .     Faith    .   b - +1 robe
rPois    +         Spirit   .   (helmet restricted)
rElec    .         Reflect  .   (no cloak)
rCorr    .         Harm     .   (gloves unavailable)
MR       .....                  (boots unavailable)
Stlth    +++.......             n - amulet of magic regeneration
HPRegen  0.08/turn              m - ring of poison resistance
MPRegen  0.35/turn              (no ring)

@: slowed, quick
A: very small, unfitting armour, see invisible, herbivore, speed 3, slow
metabolism 2
a: no special abilities


You were on level 4 of the Dungeon.
You were full.

You visited 1 branch of the dungeon, and saw 4 of its levels.

You collected 106 gold pieces.

Inventory:

Hand Weapons
 a - a +0 short sword (weapon)
 w - a +0 hunting sling
Missiles
 c - 5 boomerangs (quivered)
 j - 32 stones
 k - 19 bolts
Armour
 b - a +1 robe (worn)
Jewellery
 m - a ring of poison resistance (left hand)
 n - an amulet of magic regeneration (around neck)
 q - a cursed ring of teleportation {unknown}
Wands
 d - a wand of digging (7)
Scrolls
 p - a scroll of teleportation {unknown}
Potions
 e - 2 potions of flight {unknown}
 g - a potion of curing {unknown}
 i - a potion of heal wounds {unknown}
 l - a potion of brilliance {unknown}
Comestibles
 f - 5 rations


   Skills:
 - Level 1.5 Fighting
 * Level 3.0 Short Blades
 * Level 5.0 Throwing
 * Level 5.1 Dodging
 * Level 4.8 Stealth


You had 4 spell levels left.
You didn't know any spells.
Your spell library was empty.

Dungeon Overview and Level Annotations

Branches:
Dungeon (4/15)
 Temple: D:4-7

Altars:
Ashenzari
Cheibriados
Sif Muna


Innate Abilities, Weirdness & Mutations

You are very small and have problems with some larger weapons.
You are too small for most types of armour.
You have supernaturally acute eyesight. (SInv)
You are a herbivore.
You cover ground extremely quickly.
You need to consume almost no food.


Message History

Press: ? - help, Shift-Dir - straight line, f/p - orc wizard
Aim: an orc wizard, wielding a +0 dagger and wearing a +0 robe (severely wounded)
You throw a boomerang. The boomerang hits the orc wizard.
The orc wizard is severely wounded.
The orc wizard casts a spell at you. The magic dart hits you.
* * * LOW HITPOINT WARNING * * *
You hit the orc wizard but do no damage.
The orc wizard is severely wounded.
The orc wizard closely misses you.
The orc wizard gestures at you while chanting.
You feel as though you will be slow longer.
You hit the orc wizard but do no damage.
The orc wizard is severely wounded.
The orc wizard barely misses you.
You closely miss the orc wizard.
The orc wizard is severely wounded.
The orc wizard casts a spell at you. The magic dart hits you!
You die...

#.# #.# #.#
#.# ##.###.#
#.#.##.#
#..#...#
#†##.###
#.##.#
#.##.#
#.##@#
############
#.##o#
#.......h...
#.##.#
#.########..
#.##)# #.#
####....
#.##.# #.#
#.......
#....# #.#
#.##.#..
####.# #.#
#.#..... #.#
#.# #....#..
#.# #.#
#...##..


You could see an orc wizard.

Vanquished Creatures
  A hound (D:4)
  An orc priest (D:4)
  2 orc wizards
  7 adders
  2 oozes (D:2)
  An adder skeleton (D:3)
  A dart slug (D:2)
  A leopard gecko (D:4)
  11 orcs
  5 bats
  3 giant cockroaches
  2 goblins (D:2)
  5 hobgoblins
  A quokka (D:4)
  3 ball pythons
  7 frilled lizards
  3 kobolds
  7 rats
  A bush (D:3)
64 creatures vanquished.

Vanquished Creatures (others)
  A fungus (D:2)
1 creature vanquished.

Grand Total: 65 creatures vanquished

Notes
Turn   | Place    | Note
-------+----------+-------------------------------------------
     0 | D:1      | Chiseanne the Spriggan Hunter began the quest for the Orb.
     0 | D:1      | Reached XP level 1. HP: 10/10 MP: 2/2
   252 | D:2      | Reached XP level 2. HP: 14/14 MP: 3/3
   384 | D:2      | Reached skill level 1 in Short Blades
   912 | D:2      | Reached XP level 3. HP: 18/18 MP: 4/4
  1401 | D:2      | Found a shimmering blue altar of Sif Muna.
  1401 | D:2      | Found a snail-covered altar of Cheibriados.
  1469 | D:2      | Found a shattered altar of Ashenzari.
  1473 | D:2      | Saw a vision of the Swamp and the Snake Pit.
  1473 | D:2      | Noticed a shock serpent
  1473 | D:2      | Noticed a black mamba
  1473 | D:2      | Noticed a mana viper
  1473 | D:2      | Noticed a shock serpent
  1473 | D:2      | Noticed a black mamba
  1473 | D:2      | Noticed a naga
  1473 | D:2      | Noticed a black mamba
  1473 | D:2      | Noticed a swamp drake
  1473 | D:2      | Noticed a swamp drake
  1473 | D:2      | Noticed a water moccasin
  1473 | D:2      | Noticed a swamp drake
  1474 | D:2      | Noticed an alligator
  1475 | D:2      | Noticed a naga mage
  1475 | D:2      | Noticed an alligator
  1476 | D:2      | Noticed a black mamba
  1546 | D:2      | Reached XP level 4. HP: 12/22 MP: 5/5
  2815 | D:3      | Reached XP level 5. HP: 25/25 MP: 6/6
  3351 | D:4      | Reached skill level 5 in Dodging
  3384 | D:4      | Reached skill level 5 in Throwing
  3424 | D:4      | Killed from afar by an orc wizard

Levels and vault maps discovered:
D:1:      dpeg_arrival_more_subterranean_lakeside_camping, layout_basic,
          hangedman_decor_peaks_small
D:2:      layout_loops_ring, gammafunk_temple_overflow_wave, first_ration,
          grunt_ashenzari_visionary [grunt_ashenzari_visionary_swamp,
          grunt_ashenzari_visionary_snake]
D:3:      layout_loops_corners, serial_forest, infiniplex_forest_join,
          infiniplex_forest_side_room, infiniplex_forest_lined_room_,
          infiniplex_forest_zigzag_1, infiniplex_forest_clump_medium,
          infiniplex_forest_clump_small, infiniplex_forest_lined_room_2,
          infiniplex_forest_clump_curved, grunt_ministairs_2
D:4:      layout_loops_ring, okawaru_altar_gauntlet_db, zin_statuary

Skill      XL: |  1  2  3  4  5 |
---------------+----------------+-----
Stealth        | 2 3 4 |  4.8
Short Blades   | 1 2 3 |  3.0
Dodging        | 4 5 |  5.1
Throwing       | 5 |  5.0
Fighting       | |  1.5

Action                   |  1- 3 |  4- 6 || total
-------------------------+-------+-------++-------
Melee: Short sword       |   105 |   327 ||   432
Throw: Boomerang         |    37 |   107 ||   144
       Throwing net      |     2 |    10 ||    12
  Use: Scroll            |     2 |     2 ||     4
 Stab: Sleeping          |     7 |     2 ||     9
       Held in net/web   |       |     1 ||     1
  Eat: Ration            |       |     3 ||     3
Armor: Robe              |    17 |     7 ||    24
Dodge: Dodged            |    97 |    79 ||   176
